 Dungeon Crawl Stone Soup version 0.25-a0-443-gece2dee8bd (webtiles) character file.

Game seed: 4782210292225623438, levelgen mode: deterministic

3073 Archen the Cleaver (level 9, -8/81 HPs)
             Began as a Minotaur Berserker on Jan 30, 2020.
             Was an Elder of Trog.
             Killed from afar by Maggie (23 damage)
             ... with a bolt of fire
             ... on level 7 of the Dungeon.
             The game lasted 00:17:32 (6141 turns).

Archen the Cleaver (Minotaur Berserker)             Turns: 6141, Time: 00:17:33

Health: -8/81      AC: 17    Str: 24    XL:     9   Next: 58%
Magic:  0/8        EV:  9    Int:  4    God:    Trog [****..]
Gold:   319        SH:  0    Dex: 11    Spells: 8/8 levels left

rFire    . . .     SeeInvis +   a - +0 hand axe
rCold    . . .     Gourm    .   (no shield)
rNeg     . . .     Faith    .   C - +0 plate armour
rPois    .         Spirit   +   g - +2 hat
rElec    .         Reflect  .   (no cloak)
rCorr    .         Harm     .   k - +0 pair of gloves
MR       ++...                  y - +0 pair of boots
Stlth    ..........             z - amulet of guardian spirit
HPRegen  1.23/turn              s - ring of stealth
MPRegen  0.11/turn              B - ring of see invisible

@: very slightly contaminated, regenerating, lightly drained
A: retaliatory headbutt, horns 2
a: Berserk, Trog's Hand, Brothers in Arms, Renounce Religion


You were on level 7 of the Dungeon.
You worshipped Trog.
Trog was greatly pleased with you.
You were not hungry.

You visited 1 branch of the dungeon, and saw 7 of its levels.

You collected 319 gold pieces.

Inventory:

Hand Weapons
 a - a +0 hand axe (weapon)
Armour
 g - a +2 hat (worn)
 k - a +0 pair of gloves (worn)
 y - a +0 pair of boots (worn)
 C - a +0 plate armour (worn)
Jewellery
 j - an uncursed ring of ice
 s - a ring of stealth (left hand)
 z - an amulet of guardian spirit (around neck)
 A - an uncursed ring of flight
 B - a ring of see invisible (right hand)
Wands
 u - a wand of random effects (11)
 x - a wand of disintegration (13)
Scrolls
 h - a scroll of fear
 q - 2 scrolls of magic mapping
 r - 2 scrolls of remove curse
 w - a scroll of immolation
Potions
 b - 2 potions of brilliance
 d - 3 potions of curing
 e - 2 potions of cancellation
 i - 2 potions of berserk rage
 l - 2 potions of invisibility
 n - a potion of lignification
 p - 3 potions of haste
 v - 2 potions of might
Comestibles
 c - 10 rations
 f - 3 chunks of flesh


   Skills:
 + Level 8.1(7.5) Fighting
 * Level 10.7(10.1) Axes
 + Level 7.5(7.0) Armour
 + Level 6.9(6.3) Dodging


You had 8 spell levels left.
You didn't know any spells.
Your spell library was empty.

Dungeon Overview and Level Annotations

Branches:
Dungeon (7/15)
 Temple: D:4-7

Altars:
Ashenzari
Cheibriados
Okawaru
Qazlal
Uskayaw

Shops:
D:5 !   D:7 (

Annotations:
D:7 Maggie


Innate Abilities, Weirdness & Mutations

You reflexively headbutt those who attack you in melee.
You have a pair of horns on your head.


Message History

Maggie points at you and mumbles some strange words.
The bolt of fire misses you.
Blink to where?
Press: ? - help, Dir - move target cursor
As you read the scroll of blinking, it crumbles to dust.
Found Haorhuj's Weapon Shop.
You flicker for a moment.
You flicker back into view.
The sky beast flickers out of sight for a moment.
Maggie casts a spell at you. The bolt of fire hits you!
* * * LOW HITPOINT WARNING * * *
Your skin crawls.
You feel resistant to hostile enchantments.
You feel quite a bit more hungry. Trog will no longer gift you weapons.
The sky beast hits you but does no damage.
Maggie casts a spell at you.
The bolt of fire hits the sky beast!!
The bolt of fire hits you!!
You die...

##...###..###....###
#.........##())....# ##..#
##...###......##@... ...#
##....##(.....##..... #..##
#......#(....###.....
#...#####÷....##.....###..#..
#...#.....###...#.[.###§..#..
#...#.........##....###......
#...#.<.....@..#......#......
#..........Y#................
###..#......##...............
#.##.....###...............
#####......@###.......###.....
####...#)........Y.#.............
#..#....)..........#.##....... .
#....#.)).......##....###......
##..##.###########....# ......


You could see Maggie and a sky beast (invisible).

Vanquished Creatures
  A hippogriff (D:7)
  Eustachio (D:4)
  A water moccasin (D:6)
  A black bear (D:7)
  2 orc warriors (D:7)
  A sky beast (D:6)
  3 ogres
  A phantom (D:2)
  3 centaurs
  2 bullfrogs
  4 scorpions
  4 wights (D:7)
  A crimson imp (D:6)
  A bullfrog zombie (D:3)
  2 jellies
  7 orc priests
  3 bullfrog skeletons
  A hound (D:5)
  5 orc wizards
  3 centaur skeletons
  2 iguanas (D:4)
  4 worker ants
  A hound zombie (D:7)
  A worker ant zombie (D:5)
  11 adders
  9 gnolls
  4 river rats (D:5)
  2 shadow imps
  An adder skeleton (D:4)
  A worm (D:2)
  3 dart slugs
  3 leopard geckos
  33 orcs
  7 bats
  A giant cockroach (D:6)
  6 goblins
  11 hobgoblins
  2 jackals (D:2)
  3 kobolds
  3 quokkas
  A ball python (D:2)
  6 frilled lizards
  2 leopard gecko skeletons
  A leopard gecko zombie (D:5)
  A quokka skeleton (D:4)
  7 rats
  2 plants (D:5)
175 creatures vanquished.

Vanquished Creatures (others)
  A plant (D:5)
1 creature vanquished.

Grand Total: 176 creatures vanquished

Notes
Turn   | Place    | Note
-------+----------+-------------------------------------------
     0 | D:1      | Archen the Minotaur Berserker began the quest for the Orb.
     0 | D:1      | Reached XP level 1. HP: 19/19 MP: 0/0
   197 | D:1      | Reached XP level 2. HP: 27/27 MP: 1/1
   244 | D:1      | Reached skill level 4 in Axes
   897 | D:2      | Reached XP level 3. HP: 33/33 MP: 2/2
  1166 | D:2      | Reached ** piety under Trog
  1259 | D:2      | Reached XP level 4. HP: 40/40 MP: 3/3
  1302 | D:2      | Noticed a phantom
  1325 | D:2      | Killed a phantom
  1325 | D:2      | Reached skill level 5 in Axes
  1325 | D:2      | Reached XP level 5. HP: 28/47 MP: 4/4
  1787 | D:3      | Found an iron altar of Okawaru.
  1889 | D:3      | Reached XP level 6. HP: 36/55 MP: 5/5
  1929 | D:3      | Reached skill level 5 in Fighting
  1929 | D:3      | Reached skill level 6 in Axes
  2374 | D:3      | Reached *** piety under Trog
  2564 | D:4      | Found a snail-covered altar of Cheibriados.
  2576 | D:4      | Found a hide-covered altar of Uskayaw.
  2618 | D:4      | Noticed Eustachio
  2630 | D:4      | Killed Eustachio
  2630 | D:4      | Reached skill level 7 in Axes
  2630 | D:4      | Reached XP level 7. HP: 58/61 MP: 6/6
  2892 | D:4      | Reached skill level 5 in Armour
  2899 | D:4      | Noticed a water elemental
  3084 | D:4      | Found a stormy altar of Qazlal.
  3087 | D:4      | Noticed an air elemental
  3087 | D:4      | Noticed a fire elemental
  3231 | D:5      | Entered Level 5 of the Dungeon
  3239 | D:5      | Found Kiahegint's Distillery.
  3524 | D:5      | Reached skill level 5 in Dodging
  3524 | D:5      | Reached XP level 8. HP: 67/70 MP: 7/7
  3556 | D:5      | Reached skill level 8 in Axes
  3809 | D:5      | Reached **** piety under Trog
  4652 | D:6      | Reached skill level 9 in Axes
  4871 | D:6      | Found a shattered altar of Ashenzari.
  5226 | D:6      | Reached XP level 9. HP: 79/79 MP: 8/8
  5484 | D:7      | Reached skill level 10 in Axes
  6100 | D:7      | Noticed Maggie
  6107 | D:7      | Reached ***** piety under Trog
  6107 | D:7      | Received a gift from Trog
  6121 | D:7      | Found Haorhuj's Weapon Shop.
  6141 | D:7      | Killed from afar by Maggie

Levels and vault maps discovered:
D:1:      wheals_arrival_linesprint, layout_loops_ring
D:2:      layout_basic, minmay_quadrilaterals
D:3:      layout_basic, overflow_temple_1_default,
          hangedman_abyss_or_decor_lesser_grid
D:4:      layout_rooms, grunt_temple_overflow_open,
          nicolae_qazlal_style_of_elements, uniq_eustachio
D:5:      wad_woods_tower, layout_basic, first_ration, serial_shops,
          shop_fountains, chequers_garden
D:6:      layout_loops_ring, basic_altar
D:7:      layout_cave_pools, temple_green, serial_shops, shop,
          kennysheep_generic_room_13, uniq_maggie

Skill      XL: |  1  2  3  4  5  6  7  8  9 |
---------------+----------------------------+-----
Axes           | 4 5 7 9 10 | 10.7
Fighting       | 4 5 6 7 8 |  8.1
Armour         | 3 4 5 6 7 |  7.5
Dodging        | 3 4 5 6 |  6.9

Action                   |  1- 3 |  4- 6 |  7- 9 || total
-------------------------+-------+-------+-------++-------
Melee: Hand axe          |    55 |   149 |   341 ||   545
       Headbutt          |     8 |    20 |    78 ||   106
Invok: Berserk           |       |     2 |     2 ||     4
       Trog's Hand       |       |       |     1 ||     1
  Use: Scroll            |     1 |     1 |    13 ||    15
       Potion            |       |       |     1 ||     1
  Eat: Chunk             |     1 |     6 |    12 ||    19
       Ration            |       |       |     1 ||     1
Armor: Leather armour    |    12 |    29 |       ||    41
       Animal skin       |     1 |       |       ||     1
       Ring mail         |       |    21 |    18 ||    39
       Scale mail        |       |       |    73 ||    73
       Plate armour      |       |       |    56 ||    56
Dodge: Dodged            |    44 |    92 |   183 ||   319

Table legend:
 A = Non-vault XP
 B = Vault XP
 C = Vault XP percentage of total XP
 D = Non-vault monster count
 E = Vault monster count
 F = Vault count percentage of total count
                 A         B        C        D         E       F
            +---------+---------+-------+---------+---------+-------
      Total |    4087 |     303 |   6.9 |     160 |      13 |   7.5
            +---------+---------+-------+---------+---------+-------
        D:1 |      21 |       0 |   0.0 |      11 |       0 |   0.0
        D:2 |     218 |      13 |   5.6 |      22 |       6 |  21.4
        D:3 |     252 |       0 |   0.0 |      34 |       0 |   0.0
        D:4 |     533 |     211 |  28.4 |      24 |       1 |   4.0
        D:5 |     582 |      79 |  12.0 |      25 |       6 |  19.4
        D:6 |    1041 |       0 |   0.0 |      20 |       0 |   0.0
        D:7 |    1440 |       0 |   0.0 |      24 |       0 |   0.0
            +---------+---------+-------+---------+---------+-------
